Map: 瓦尼研究站 (虚空)

Players

iGXY (XY) - Winner!

  • Race: Terran Terran
  • Spawn Location: 6:00

Namshar

  • Race: Zerg Zerg
  • Spawn Location: 12:00

Event: WESG 2016 Finals

VOD

Have the link to the VOD?

Description

Time

  • Played on: Jan. 12, 2017, 6:39 a.m.
  • Length: 21:42

All games in this series

Show
View Real Time Build Order
Export as new Build Order

iGXY Terran - Winner!

Build Orders: Command Center First (CC), Mech 

Get SALT Encoding   

  12  0:00  SCV  
  13  0:13  SCV  
  14  0:17  Supply Depot  
  14  0:25  SCV  
  15  0:39  SCV  
  16  0:51  SCV  
  17  1:00  Command Center  
  17  1:05  SCV  
  18  1:14  Barracks  
  18  1:17  SCV  
  19  1:24  Refinery  
  19  1:29  SCV  
  20  1:33  Refinery  
  20  1:42  SCV  
  21  1:54  SCV  
  22  2:01  Marine  
  23  2:06  Orbital Command  
  23  2:10  Factory  
  23  2:15  Orbital Command  
  23  2:19  Barracks Reactor  
  23  2:31  SCV  
  24  2:40  SCV  
  24  2:42  Factory  
  24  2:43  SCV  
  26  2:52  SCV  
  26  2:55  Supply Depot  
  26  2:56  SCV  
  28  3:00  Hellion  
  28  3:01  Hellion  
  28  3:04  Barracks Reactor, SCV  
  33  3:08  SCV  
  34  3:13  Supply Depot  
  34  3:16  SCV  
  35  3:20  SCV  
  35  3:21  Cyclone  
  35  3:24  Cyclone  
  42  3:28  SCV  
  42  3:32  SCV  
  44  3:36  Supply Depot  
  44  3:40  SCV  
  45  3:44  SCV  
  45  3:47  Supply Depot  
  46  3:52  Cyclone  
  46  3:53  Hellion, SCV  
  52  3:56  SCV  
  52  4:02  Cyclone  
  56  4:05  SCV  
  56  4:07  Hellion  
  56  4:08  SCV  
  60  4:10  Supply Depot  
  60  4:15  Hellion  
  62  4:17  SCV  
  62  4:20  SCV  
  64  4:24  Cyclone  
  64  4:29  Hellion, SCV  
  70  4:32  SCV  
  70  4:34  Hellion, Supply Depot  
  70  4:37  Hellion  
  75  4:39  Armory  
  75  4:41  SCV  
  75  4:44  SCV  
  77  4:51  Command Center  
  77  4:53  SCV  
  77  4:57  SCV  
  79  5:04  Cyclone  
  79  5:05  Hellion x2  
  86  5:10  Supply Depot  
  86  5:12  Supply Depot  
  86  5:13  Refinery  
  86  5:16  Refinery  
  86  5:26  Terran Vehicle Weapons Level 1  
  86  5:27  Supply Depot  
  86  5:31  SCV x2  
  86  5:37  Cyclone  
  83  5:43  SCV x2  
  83  5:47  Cyclone  
  83  5:48  Hellion  
  83  5:49  Hellion  
  90  5:51  Refinery  
  90  5:55  SCV x2  
  92  6:04  Orbital Command  
  92  6:07  Refinery, SCV x2  
  92  6:09  Cyclone  
  92  6:10  Hellion, Cyclone  
  102  6:19  SCV x2  
  102  6:20  Cyclone  
  107  6:31  Hellion, SCV x2  
  111  6:34  Factory  
  111  6:35  SCV  
  111  6:37  Factory  
  112  6:41  Supply Depot  
  112  6:42  Hellion x3  
  112  6:43  SCV x2  
  114  6:49  Engineering Bay  
  114  6:50  SCV  
  115  6:55  SCV  
  115  6:56  Cyclone x3  
  115  7:01  Factory  
  125  7:02  SCV  
  126  7:08  Supply Depot  
  126  7:09  Supply Depot  
  126  7:11  SCV x2  
  128  7:19  Hellion x5, Armory  
  128  7:20  Terran Vehicle Weapons Level 2  
  128  7:22  Factory Tech Lab x2  
  128  7:29  Command Center  
  128  7:34  Cyclone, Missile Turret  
  129  7:45  Factory Tech Lab  
  129  7:46  Siege Tank  
  129  7:49  Siege Tank  
  129  7:52  Hellion x2  
  129  7:58  Hellion  
  135  8:05  Siege Tank  
  138  8:06  Terran Vehicle And Ship Armor Level 1  
  138  8:07  Hellion, Supply Depot  
  140  8:13  Hellion x2  
  140  8:18  Siege Tank  
  147  8:22  Supply Depot, Cyclone  
  147  8:23  Supply Depot  
  147  8:26  Supply Depot  
  148  8:28  Supply Depot  
  148  8:29  Hellion  
  148  8:32  Siege Tank  
  150  8:34  Hellion  
  150  8:35  Hellion  
  150  8:37  Siege Tank  
  157  8:51  Siege Tank  
  160  9:04  Siege Tank  
  160  9:06  Refinery  
  160  9:07  Missile Turret  
  160  9:09  Siege Tank  
  166  9:12  Missile Turret  
  166  9:14  Cyclone  
  166  9:16  Hellion x3  
  175  9:17  Missile Turret  
  175  9:18  Planetary Fortress, Missile Turret  
  175  9:19  Refinery  
  175  9:23  Siege Tank  
  178  9:36  Siege Tank  
  178  9:37  Command Center  
  180  9:38  Terran Vehicle Weapons Level 3  
  180  9:39  Hellion x3  
  186  9:48  Siege Tank  
  186  9:50  Cyclone  
  178  10:00  Terran Vehicle And Ship Armor Level 2  
  178  10:02  Hellion  
  178  10:06  Cyclone x2  
  178  10:07  Hellion  
  178  10:09  Hellion  
  169  10:20  Cyclone  
  163  10:22  Cyclone  
  163  10:23  Cyclone  
  169  10:29  Hellion  
  169  10:30  Hellion  
  156  10:38  Hellion x2  
  151  10:50  Hellion  
  151  10:52  Hellion x2  
  151  10:54  Cyclone  
  151  10:56  Hellion  
  160  10:59  Hellion, Cyclone  
  157  11:11  Cyclone  
  157  11:13  Cyclone x2  
  157  11:17  Cyclone  
  169  11:20  Cyclone  
  159  11:26  Cyclone  
  159  11:31  Cyclone  
  163  11:33  Planetary Fortress  
  163  11:43  Siege Tank  
  163  11:45  Siege Tank  
  169  11:49  Starport  
  169  11:52  Siege Tank  
  164  11:55  Refinery  
  164  11:57  Refinery  
  158  12:15  Siege Tank  
  158  12:17  Terran Ship Weapons Level 1, Siege Tank  
  158  12:18  Terran Vehicle And Ship Armor Level 3  
  164  12:25  Cyclone x3  
  164  12:26  Cyclone  
  164  12:28  Siege Tank  
  179  12:41  Sensor Tower  
  179  12:47  Siege Tank  
  179  12:49  Siege Tank  
  185  12:55  Infernal Pre-Igniter  
  185  12:56  Starport, Starport Reactor  
  185  12:57  Cyclone  
  188  12:59  Hellion  
  190  13:09  Siege Tank  
  193  13:18  Cyclone  
  190  13:20  Siege Tank  
  190  13:23  SCV x3  
  193  13:33  Siege Tank  
  189  13:35  SCV  
  189  13:38  Hellion  
  161  13:41  Siege Tank  
  161  13:44  Cyclone  
  161  13:46  Hellion  
  160  13:53  Cyclone  
  154  13:58  Cyclone  
  154  14:00  Cyclone  
  146  14:13  Cyclone x2  
  146  14:16  Cyclone  
  141  14:17  Cyclone  
  141  14:21  Orbital Command  
  136  14:25  Cyclone  
  136  14:30  Cyclone  
  137  14:32  Cyclone  
  137  14:41  SCV  
  138  14:45  Cyclone  
  138  14:46  Hellion  
  138  14:47  Viking  
  145  14:53  SCV  
  145  14:58  Cyclone  
  137  15:00  Cyclone  
  137  15:01  Cyclone  
  137  15:02  Cyclone  
  137  15:05  SCV, Cyclone  
  123  15:08  Cyclone  
  123  15:11  SCV  
  127  15:18  SCV  
  127  15:19  Siege Tank  
  130  15:31  Hellion  
  130  15:32  Cyclone  
  130  15:33  Siege Tank  
  130  15:34  Siege Tank  
  130  15:35  Viking x2  
  145  15:36  Viking  
  145  15:42  Cyclone  
  150  15:46  Cyclone  
  153  15:51  Siege Tank  
  153  15:53  Cyclone  
  156  16:05  Viking, Orbital Command, Siege Tank  
  156  16:06  Siege Tank  
  156  16:09  Hellion  
  160  16:14  Viking  
  162  16:20  Viking  
  162  16:22  Orbital Command  
  162  16:23  Hellion, Siege Tank  
  169  16:37  Siege Tank  
  172  16:41  Siege Tank  
  172  16:45  Viking x2  
  179  16:50  Viking, SCV x3  
  178  16:55  Siege Tank  
  178  16:56  Hellion x2  
  178  16:57  Hellion  
  181  17:02  SCV  
  181  17:04  Cyclone  
  185  17:09  Siege Tank  
  185  17:11  SCV x2  
  185  17:13  Siege Tank  
  185  17:14  SCV  
  185  17:15  Viking x2  
  198  17:21  Viking  
  183  17:45  Viking  
  183  17:46  Viking  
  183  17:47  Siege Tank  
  183  17:50  Siege Tank  
  190  17:53  Siege Tank  
  185  18:00  Viking  
  185  18:01  Hellion x2, Cyclone  
  185  18:14  Refinery x2  
  185  18:15  Viking  
  185  18:16  Viking, Command Center  
  185  18:17  Missile Turret  
  185  18:19  Siege Tank  
  192  18:22  Siege Tank  
  192  18:23  Cyclone  
  192  18:25  Siege Tank  
  189  18:28  Cyclone x2  
  189  18:30  Viking  
  191  18:35  Cyclone  
  194  18:51  Hellion, Viking x2  
  200  19:02  Cyclone  
  198  19:04  Hellion  
  198  19:16  Cyclone x2  
  194  19:36  Hellion x3, Siege Tank  
  191  19:41  Siege Tank  
  191  19:44  Starport Tech Lab  
  185  19:47  Refinery  
  185  19:48  Hellion x2  
  189  19:58  Hellion x3  
  189  20:00  Command Center  
  186  20:08  Hellion  
  186  20:10  Hellion x2  
  186  20:14  Hellion  
  184  20:19  Hellion x3  
  190  20:29  Hellion  
  190  20:31  Hellion x2  
  190  20:35  Hellion, Planetary Fortress  
  198  20:40  Hellion  
  200  20:45  Refinery  
  200  20:47  Refinery  
  186  20:51  Hellion x2  
  186  20:52  Hellion x2  
  186  20:56  Cyclone x2  
  200  21:02  Hellion  
Show
View Real Time Build Order
Export as new Build Order

Namshar Zerg 

Build Orders: Hatch First 

Get SALT Encoding   

  12  0:00  Drone  
  13  0:12  Overlord  
  13  0:17  Drone  
  14  0:30  Drone  
  14  0:31  Drone  
  14  0:34  Drone  
  17  0:52  Hatchery  
  17  0:55  Drone  
  17  0:58  Drone  
  18  1:09  Extractor  
  17  1:14  Spawning Pool  
  17  1:16  Drone  
  17  1:20  Drone  
  18  1:28  Drone  
  19  1:38  Overlord  
  19  1:49  Drone  
  20  2:00  Queen, Zergling x2  
  23  2:04  Queen, Zergling x2  
  26  2:09  Metabolic Boost  
  26  2:11  Drone  
  26  2:15  Drone  
  28  2:21  Drone  
  29  2:28  Overlord  
  29  2:33  Drone  
  30  2:38  Drone, Queen  
  30  2:43  Drone  
  34  2:47  Pneumatized Carapace  
  34  2:48  Drone  
  35  2:55  Drone  
  36  2:59  Overlord  
  36  3:05  Drone  
  37  3:09  Drone x4  
  42  3:12  Drone  
  42  3:13  Drone  
  42  3:17  Drone  
  42  3:19  Drone  
  45  3:30  Hatchery  
  44  3:35  Roach Warren  
  43  3:41  Queen  
  43  3:45  Drone  
  46  3:54  Overlord  
  46  3:58  Zergling x2  
  46  3:59  Drone  
  46  4:00  Extractor  
  46  4:01  Drone x3, Extractor  
  49  4:03  Drone x3  
  49  4:04  Overlord  
  49  4:09  Overlord  
  52  4:12  Overlord  
  52  4:18  Overlord  
  52  4:19  Overlord  
  52  4:22  Overlord  
  52  4:29  Lair  
  52  4:30  Roach x2  
  56  4:32  Roach  
  56  4:35  Roach  
  56  4:37  Roach  
  62  4:40  Roach  
  62  4:42  Roach  
  62  4:45  Roach  
  68  4:50  Queen  
  70  4:54  Roach  
  70  4:55  Roach  
  70  4:56  Ravager  
  70  4:57  Ravager  
  76  5:03  Roach x2  
  76  5:06  Roach x2  
  84  5:12  Overlord  
  84  5:13  Drone x2  
  86  5:22  Ravager  
  86  5:23  Drone, Overlord x2  
  86  5:25  Ravager  
  86  5:28  Drone x3  
  92  5:29  Drone  
  91  5:49  Ravager  
  88  5:51  Evolution Chamber  
  88  5:52  Glial Reconstitution, Evolution Chamber  
  88  5:53  Drone  
  88  5:54  Drone x8  
  95  5:58  Overlord  
  95  6:04  Drone  
  95  6:05  Drone x3  
  95  6:08  Extractor  
  95  6:11  Extractor  
  97  6:15  Drone  
  97  6:18  Zerg Ground Armor Level 1, Zerg Missile Weapons Level 1  
  98  6:19  Drone x2  
  98  6:20  Drone  
  98  6:22  Drone  
  103  6:32  Drone  
  103  6:33  Drone x2  
  103  6:35  Overlord  
  103  6:37  Roach x3  
  111  6:42  Hatchery  
  110  6:47  Drone  
  110  6:48  Extractor  
  110  6:49  Drone x3  
  110  6:52  Drone  
  114  6:54  Overlord  
  114  6:55  Infestation Pit  
  113  7:05  Overlord  
  113  7:06  Drone  
  114  7:10  Hydralisk Den  
  113  7:15  Drone  
  113  7:16  Drone x6  
  113  7:17  Drone, Roach x2  
  113  7:20  Roach x6  
  137  7:24  Zergling x2  
  138  7:44  Hive  
  138  7:45  Hydralisk, Muscular Augments  
  138  7:46  Hydralisk x3  
  138  7:50  Overlord x2  
  138  7:51  Overlord x5  
  146  7:59  Zergling x2  
  146  8:04  Extractor  
  146  8:06  Extractor  
  145  8:25  Hydralisk x9  
  163  8:28  Zerg Ground Armor Level 2, Zerg Missile Weapons Level 2  
  163  8:33  Drone x2  
  165  8:38  Hydralisk x4  
  173  8:46  Hydralisk x4  
  173  8:48  Hatchery  
  179  9:00  Hydralisk  
  179  9:01  Hydralisk x5  
  191  9:08  Drone  
  192  9:10  Drone x2  
  192  9:12  Hatchery  
  192  9:13  Drone  
  192  9:15  Drone  
  192  9:16  Spore Crawler x2  
  192  9:17  Drone  
  194  9:19  Drone  
  194  9:20  Spore Crawler  
  194  9:21  Extractor  
  194  9:23  Spore Crawler  
  192  9:24  Extractor  
  192  9:25  Viper x2  
  192  9:27  Viper  
  182  10:04  Roach x6  
  182  10:06  Ravager x2  
  178  10:09  Roach x10  
  178  10:13  Roach  
  178  10:14  Roach x7  
  184  10:23  Roach x8  
  172  10:40  Roach x8  
  179  10:44  Ravager x6  
  179  10:45  Ravager  
  179  10:49  Roach x3  
  177  11:10  Roach x8  
  193  11:12  Hatchery  
  193  11:16  Extractor  
  183  11:22  Extractor  
  168  11:28  Ravager x2, Hydralisk x2  
  168  11:29  Hydralisk x5  
  184  11:35  Evolution Chamber  
  183  11:42  Overlord x6  
  177  12:00  Zerg Ground Armor Level 3, Zerg Missile Weapons Level 3  
  167  12:05  Drone  
  167  12:06  Drone x4  
  172  12:09  Viper  
  174  12:29  Ravager  
  176  12:30  Ravager x3  
  176  12:31  Roach  
  176  12:32  Roach  
  176  12:35  Drone x4  
  186  12:46  Hydralisk x2  
  186  12:47  Hydralisk x2  
  186  12:50  Hatchery  
  189  13:23  Drone x3  
  189  13:27  Spire, Evolution Chamber  
  189  13:28  Evolution Chamber  
  189  13:31  Evolution Chamber x2  
  189  13:32  Hydralisk x2  
  189  13:33  Roach x4  
  189  13:34  Roach x7  
  200  13:39  Hydralisk x2  
  200  13:40  Roach  
  172  13:44  Roach x2  
  166  13:55  Roach x5  
  156  14:15  Roach x8  
  156  14:16  Roach x2  
  170  14:19  Drone  
  151  14:25  Ravager x2  
  151  14:26  Roach x7  
  158  14:38  Ravager  
  158  14:39  Ravager  
  158  14:40  Ravager x2  
  158  14:41  Ravager x2  
  158  14:42  Roach x7  
  147  15:09  Drone  
  147  15:12  Hydralisk x3  
  154  15:16  Ravager  
  154  15:17  Ravager x5  
  160  15:23  Hatchery  
  159  15:39  Ravager x2  
  159  15:40  Viper  
  159  15:42  Roach x3  
  170  15:48  Overseer  
  170  15:50  Roach  
  170  15:51  Roach  
  174  16:00  Hatchery  
  170  16:07  Viper  
  168  16:13  Drone x3  
  168  16:14  Evolution Chamber x2  
  168  16:16  Evolution Chamber  
  168  16:17  Evolution Chamber  
  167  16:19  Queen  
  169  16:28  Roach x5  
  176  16:44  Hydralisk x5  
  184  16:58  Hatchery  
  183  17:03  Greater Spire  
  183  17:06  Drone x2, Extractor  
  183  17:07  Drone x3  
  183  17:08  Extractor  
  186  17:10  Ravager x2  
  186  17:14  Drone x2  
  186  17:15  Drone  
  191  17:18  Hydralisk  
  193  17:36  Drone  
  190  17:37  Drone x3  
  190  17:42  Evolution Chamber x2  
  188  17:51  Roach  
  188  17:52  Roach x5  
  188  17:57  Roach x5  
  188  17:58  Roach x3  
  193  18:08  Hydralisk, Extractor  
  193  18:09  Extractor  
  182  18:34  Hydralisk x4  
  188  18:47  Hydralisk x5  
  173  18:59  Extractor  
  153  19:25  Hydralisk x3  
  157  19:43  Hydralisk x3  
  151  20:16  Hatchery  
  151  20:17  Hydralisk x3  
  151  20:30  Drone x3  
  151  20:31  Extractor  
  147  20:49  Hydralisk  
  138  20:50  Hydralisk  
Tags
 
Add a new tag
Caveats
  • Supply blocks, unpowered buildings, or Contaminate may cause inaccurate times.
  • Supply counts are checked every 10 seconds.